 Dungeon Crawl Stone Soup version 0.28.0-47-ge53b351184 (webtiles) character file.

Game seed: 99115165744247440

331 Zeld the Conjurer (level 6, -6/51 HPs)
             Began as a Draconian Conjurer on Apr 29, 2022.
             Mangled by Duvessa
             ... wielding a +0 rapier
              (7 damage)
             ... on level 4 of the Dungeon.
             The game lasted 00:07:15 (4664 turns).

Zeld the Conjurer (Draconian Conjurer)              Turns: 4664, Time: 00:07:16

Health: -6/51      AC:  6    Str: 10    XL:     6   Next: 26%
Magic:  4/11       EV: 12    Int: 20    God:
Gold:   199        SH:  0    Dex:  9    Spells: 0/11 levels left

rFire   . . .      SeeInvis .   (no weapon)
rCold   . . .      Faith    .   (no shield)
rNeg    . . .      Spirit   .   (armour unavailable)
rPois   .          Reflect  .   (helmet restricted)
rElec   .          Harm     .   (no cloak)
rCorr   .          Rampage  .   (no gloves)
Will    .....                   (no boots)
Stlth   +.........              (no amulet)
HPRegen 0.17/turn               (no ring)
MPRegen 0.12/turn               (no ring)

@: lit by a corona, glowing
A: AC +6, unfitting armour, cold-blooded
a: no special abilities


You were on level 4 of the Dungeon.
You visited 1 branch of the dungeon, and saw 4 of its levels.

You collected 199 gold pieces.

Inventory:

Jewellery
 g - a +4 ring of evasion
Wands
 e - a wand of paralysis (10)
Scrolls
 a - 2 scrolls of enchant weapon {unknown}
 b - 8 scrolls of identify {unknown}
 c - a scroll of amnesia {unknown}
 d - 2 scrolls of teleportation {unknown}
Potions
 f - a potion of curing {unknown}
 h - a potion of flight {unknown}


   Skills:
 * Level 3.3 Fighting
 + Level 2.6 Dodging
 + Level 2.6 Stealth
 * Level 3.3 Spellcasting
 * Level 5.1 Conjurations
 + Level 0.1 Hexes
 + Level 0.1 Translocations
 * Level 0.4 Evocations


You couldn't memorise any spells.
You knew the following spells:

 Your Spells              Type           Power      Damage    Failure   Level
a - Magic Dart            Conj           92%        1d7       1%          1
b - Searing Ray           Conj           46%        2d6       2%          2
c - Fulminant Prism       Conj/Hex       6%         3d7       43%         4
d - Iskenderun's Mystic   Conj/Tloc      13%        2d5       43%         4

Your spell library contained the following spells:

 Spells                   Type           Power      Damage    Failure   Level
 Dazzling Flash           Conj/Hex       26%        N/A       14%         3
 Ensorcelled Hibernation  Hex/Ice        6%         N/A       21%         2
 Gell's Gravitas          Tloc           3%         N/A       36%         3
 Portal Projectile        Hex/Tloc       6%         N/A       36%         3
 Passage of Golubria      Tloc           3%         N/A       78%         4
 Lee's Rapid Deconstruct  Erth           1%         3d5*      98%         5
 Disjunction              Tloc           1%         N/A       100%        8


Dungeon Overview and Level Annotations

Branches:
Dungeon (4/15)
 Temple: D:4-7

Altars:
Gozag

Annotations:
D:4 1 runed translucent door, Crazy Yiuf, Dowan, Duvessa


Innate Abilities, Weirdness & Mutations

Your plain brown scales are hard. (AC +6)
You cannot fit into any form of body armour.
You are cold-blooded and may be slowed by cold attacks.


Message History

You are outlined in light.
Casting: Searing Ray (safe; 2% risk of failure)
Confirm with . or Enter, or press ? or * to list all spells.
Aiming: Searing Ray (safe; 2% risk of failure)
Press: ? - help, Shift-Dir - straight line, f - Duvessa
Aim: Duvessa, wielding a +0 rapier and wearing a +0 ring mail (84% to hit)
The searing ray hits Duvessa.
Duvessa is lightly wounded. (Press . to maintain the ray.)
The searing ray hits Duvessa.
Duvessa is moderately wounded.
The searing ray hits Duvessa.
Duvessa is moderately wounded.
The searing ray hits Duvessa.
Duvessa is heavily wounded.
The searing ray hits Dowan!
Dowan is moderately wounded.
You finish channelling your searing ray.
Duvessa hits you but does no damage.
Dowan casts a spell at Duvessa.
Duvessa seems to speed up.
Casting: Searing Ray (safe; 2% risk of failure)
Confirm with . or Enter, or press ? or * to list all spells.
Aiming: Searing Ray (safe; 2% risk of failure)
Press: ? - help, Shift-Dir - straight line, p - Duvessa The searing ray hits Duvessa.
Duvessa is heavily wounded. (Press . to maintain the ray.) Duvessa hits you with a +0 rapier! x2
Unknown command.
The searing ray misses Duvessa.
The searing ray hits Dowan.
Dowan is heavily wounded.
Duvessa hits you with a +0 rapier! Duvessa hits you with a +0 rapier!
* * * LOW HITPOINT WARNING * * *
Duvessa hits you with a +0 rapier!
* * * LOW HITPOINT WARNING * * *
There is a stone staircase leading down, spattered with blood here.
Duvessa hits you with a +0 rapier!
You die...

######.#...#...##.##..#
###########...)..#
#....+......#
#...........#
#...........# #####
#..........#
#####...###...#####..#
....................##
...............@....#
..........|...e.....#
..............e.....#
.......†##....##....#
........#####.##....##
..............##+##..#
...##...##....##.....#
.. #...##...........# .
#................##


You could see Duvessa (fast) and Dowan.

Vanquished Creatures
  Blork the orc (D:4)
  A hound (D:3)
  A centaur skeleton (D:3)
  Jessica (D:2)
  An iguana (D:4)
  2 orc wizards (D:4)
  Robin (D:4)
  An adder (D:4)
  A worm (D:2)
  A dart slug (D:4)
  4 orcs
  4 endoplasms
  2 giant cockroaches (D:2)
  16 goblins
  11 hobgoblins
  3 quokkas
  9 ball pythons
  5 bats
  A frilled lizard (D:3)
  5 kobolds
  6 rats
77 creatures vanquished.

Notes
Turn   | Place    | Note
-------+----------+-------------------------------------------
     0 | D:1      | Zeld the Draconian Conjurer began the quest for the Orb.
     0 | D:1      | Reached XP level 1. HP: 14/14 MP: 3/3
   359 | D:1      | Reached XP level 2. HP: 22/22 MP: 1/5
   363 | D:1      | Learned a level 2 spell: Searing Ray
   524 | D:1      | Found a faded altar of an unknown god.
   530 | D:1      | Reached skill level 1 in Fighting
  1047 | D:2      | Reached XP level 3. HP: 23/28 MP: 1/6
  1577 | D:2      | Noticed Jessica
  1581 | D:2      | Killed Jessica
  2031 | D:2      | Reached XP level 4. HP: 36/36 MP: 5/7
  2762 | D:3      | Reached XP level 5. HP: 42/42 MP: 4/9
  2832 | D:3      | Found an opulent altar of Gozag.
  3255 | D:4      | Found a runed translucent door.
  3256 | D:4      | Noticed Crazy Yiuf
  3733 | D:4      | Got the Handbook of Warped Cold
  3884 | D:4      | Noticed Blork the orc
  3916 | D:4      | Killed Blork the orc
  3917 | D:4      | Reached skill level 5 in Conjurations
  3917 | D:4      | Reached XP level 6. HP: 15/51 MP: 1/10
  3924 | D:4      | Learned a level 4 spell: Fulminant Prism
  3929 | D:4      | Learned a level 4 spell: Iskenderun's Mystic Blast
  4207 | D:4      | Noticed Robin
  4396 | D:4      | Killed Robin
  4647 | D:4      | Noticed Duvessa
  4647 | D:4      | Noticed Dowan
  4663 | D:4      | HP: 1/51 [Duvessa/+0 rapier (14)]
  4664 | D:4      | Mangled by Duvessa

Illustrated notes

Levels and vault maps discovered:
D:1:      roderic_dead_forest, layout_loops_ring,
          ebering_ecumenical_altar_sacrificial, corner_web_ring
D:2:      layout_basic, uniq_jessica
D:3:      layout_basic, nicolae_gozag_cash_rules_everything_around_me
D:4:      layout_gridville, bh_walls_and_bars, uniq_robin, uniq_blork_the_orc,
          uniq_crazy_yiuf_cottage, uniq_duvessa

Skill      XL: |  1  2  3  4  5 |
---------------+----------------+-----
Fighting       | 1 2 3 |  3.3
Dodging        | 2 |  2.6
Stealth        | 2 |  2.6
Spellcasting   | 3 |  3.3
Conjurations   | 5 |  5.1
Hexes          | |  0.1
Translocations | |  0.1
Evocations     | |  0.4

Action                   |  1- 3 |  4- 6 || total
-------------------------+-------+-------++-------
Melee: Unarmed           |    52 |    21 ||    73
       Tailslap          |     6 |     2 ||     8
       Punch             |     1 |       ||     1
 Cast: Magic Dart        |    73 |    64 ||   137
       Searing Ray       |       |    14 ||    14
       Iskenderun's Myst |       |     1 ||     1
Armor: Skin              |    23 |    18 ||    41
Dodge: Dodged            |    40 |    25 ||    65
